 Dungeon Crawl Stone Soup version 0.16.2-12-gd0ad4c3 (webtiles) character file.

46244 musteatbrain the Severer (level 14, 98/118 HPs)
             Began as a Minotaur Berserker on Sept 27, 2015.
             Was a High Priest of Trog.
             Drowned
             ... on level 15 of the Dungeon.
             The game lasted 01:19:11 (18341 turns).

musteatbrain the Severer (Minotaur Berserker)      Turns: 18341, Time: 01:19:12

Health: 98/118     AC: 25    Str: 27    XL:     14   Next: 4%
Magic:  1/1        EV: 15    Int:  4    God:    Trog [*****.]
Gold:   930        SH:  0    Dex: 12    Spells: 0 memorised, 13 levels left

rFire  . . .     SeeInvis .     h - +5 battleaxe (antimagic)
rCold  . . .     Clarity  .     f - +5 pearl dragon armour
rNeg   + . .     SustAb   .     (no shield)
rPois  +         Gourm    .     F - +2 hat {Spirit}
rElec  .         Spirit   +     n - +0 cloak
rCorr  .         Warding  .     (no gloves)
rMut   .         Stasis   .     (no boots)
MR     +....                    (no amulet)
Stlth  ..........               m - +2 ring of protection
                                p - ring "Brulom" {Slay+2 Stlth+}

@: confused, somewhat resistant to hostile enchantments, extremely unstealthy
A: retaliatory headbutt, horns 2, agile 1, deterioration 1, frail 1, poison
resistance, screaming 1, evolution 1
a: Burn Spellbooks, Berserk, Trog's Hand, Brothers in Arms, Renounce Religion


You were on level 15 of the Dungeon.
You worshipped Trog.
Trog was extremely pleased with you.
You were not hungry.

You visited 1 branch of the dungeon, and saw 15 of its levels.
You also visited: Sewer.

You collected 930 gold pieces.

Inventory:

Hand weapons
 h - a +5 antimagic battleaxe (weapon)
 s - a +2 quarterstaff of pain
 u - a +4 longbow of flaming
Missiles
 U - 8 steel tomahawks (quivered)
Armour
 f - a +5 pearl dragon armour (worn)
 n - a +0 cloak (worn)
 o - a storm dragon hide
 F - a +2 hat of spirit shield (worn)
 R - a +3 chain mail of fire resistance
 S - a +4 ring mail of poison resistance
Jewellery
 e - an uncursed ring of invisibility {unknown}
 g - an uncursed ring of positive energy
 m - a +2 ring of protection (right hand)
 p - the ring "Brulom" (left hand) {Slay+2 Stlth+}
   (You found it on level 15 of the Dungeon)

   [ring of stealth]

   It affects your accuracy and damage with ranged weapons and melee attacks
   (+2).
   It makes you more stealthy.
 t - an uncursed amulet of resist mutation
 C - an uncursed ring of positive energy
 O - an uncursed amulet of faith
 Q - a cursed ring of loudness {unknown}
Magical devices
 v - a wand of digging (5)
 x - a wand of magic darts (20)
 E - a wand of fireball (6)
 K - a wand of magic darts (14)
 W - a wand of slowing (31)
Scrolls
 i - 4 scrolls of magic mapping
 j - 10 scrolls of remove curse
 q - 4 scrolls of teleportation
 y - a scroll of blinking
 A - a scroll of fear
 D - a scroll of silence
 T - a scroll of immolation
Potions
 a - a potion of cancellation
 b - 2 potions of resistance
 d - a potion of haste
 k - 3 potions of curing
 r - a potion of lignification
 w - 2 potions of mutation
 z - 2 potions of brilliance
 B - a potion of degeneration {unknown}
 H - 2 potions of restore abilities
 I - 2 potions of flight
 N - a potion of beneficial mutation
Comestibles
 c - 5 bread rations
 l - a meat ration
 L - 2 fruits


   Skills:
 + Level 14.3 Fighting
 * Level 19.0 Axes
 + Level 11.0 Armour
 + Level 10.8 Dodging


You had 13 spell levels left.
You didn't know any spells.

Dungeon Overview and Level Annotations

Branches:
Dungeon (15/15)            Temple (0/1) D:4            Lair (0/8) D:11
    Orc (0/4) D:12         Vaults (0/5) D:13         Depths (0/5) D:15

Altars:
Ashenzari
Gozag
Kikubaaqudgha
Nemelex Xobeh
Okawaru
Qazlal
Vehumet
Yredelemnul
The Shining One

Shops:
D:4 }   D:5 }}=   D:8 !


Innate Abilities, Weirdness & Mutations

You reflexively headbutt those who attack you in melee.
You have a pair of horns on your head.
You are agile. (Dex +2)
Your body is slowly deteriorating.
You are frail (-10% HP).
Your system is resistant to poisons.
You occasionally shout uncontrollably at your foes.
You evolve.


Message History

Are you sure you want to stumble around while confused and next to deep water?
You bump into the rock wall.
You are too confused!
Are you sure you want to stumble around while confused and next to deep water? [Y]es or [N]o only, please.
Are you sure you want to stumble around while confused and next to deep water?
A dire elephant comes into view.
The dire elephant trumpets!
The great orb of eyes bites you.
Found a staircase to the Depths.
You are too confused!
There are monsters nearby!
Are you sure you want to stumble around while confused and next to deep water? (Use ctrl+direction to attack without moving) [Y]es or [N]o only, please.
Are you sure you want to stumble around while confused and next to deep water? (Use ctrl+direction to attack without moving) [Y]es or [N]o only, please.
Are you sure you want to stumble around while confused and next to deep water? (Use ctrl+direction to attack without moving)
You fall into the water!
You sink like a stone!
You drown...
You die...

. #.# #.# #####.#
......#######
.............
...........# #
#####.........#
#..#.@...≈.......#
#...G..#.........+
####.####.#......#
#. #..#......# #.
#.≈#......# #Y
...#......# >#
##.##......# # #.
#......# #.
#......#


You could see a dire elephant and a great orb of eyes.

Vanquished Creatures
  Gastronok (D:12)
  A vault guard (D:13)
  Josephine (D:13)
  An ogre mage (D:14)
  Fannar (D:10)
  A hydra (D:13)
  3 centaur warriors
  Urug (D:11)
  Nergalle (D:12)
  12 wizards (D:14)
  A shadow wraith (D:13)
  Erolcha (D:8)
  4 unseen horrors
  Pikel (D:6)
  A wolf spider zombie (D:14)
  4 hill giants
  A deep elf conjurer (D:14)
  7 ugly things
  2 cyclopes
  8 slime creatures (D:13)
  2 gargoyles
  Psyche (D:12)
  An efreet (D:13)
  3 yaktaurs (D:13)
  6 trolls
  Sonja (D:12)
  A trapdoor spider zombie (D:13)
  A wind drake (shapeshifter) (D:13)
  2 two-headed ogres
  A hornet zombie (D:14)
  A vampire (D:13)
  6 deep elf magi
  A spriggan (D:7)
  5 trapdoor spiders
  A wraith (D:13)
  Eustachio (D:8)
  A vampire mosquito (D:12)
  A deep elf fighter (D:11)
  Grum (D:10)
  26 yaks
  2 hungry ghosts
  5 hippogriffs
  A wyvern (D:12)
  4 wolves (D:10)
  A golden eye (shapeshifter) (D:13)
  A warg (D:12)
  A water moccasin (D:13)
  9 orc warriors
  The ghost of BLOAX the Ruffian, an average VSTm of Cheibriados (D:4)
  A wasp (D:14)
  Purgy (Sewer)
  A slave (D:6)
  An ice beast (D:13)
  A sky beast (D:14)
  A black bear (D:11)
  9 ogres
  3 phantoms
  A necrophage (D:8)
  16 centaurs
  Sigmund (D:3)
  Duvessa (D:6)
  2 big kobolds
  A brain worm (D:13)
  A gnoll sergeant (D:8)
  4 giant frogs
  3 crocodiles (D:11)
  5 jellies (D:13)
  2 scorpions
  3 killer bees (D:12)
  3 yak zombies (D:13)
  13 wights
  A goliath beetle (D:8)
  7 crimson imps
  A centaur zombie (D:11)
  Dowan (D:6)
  4 giant frog zombies
  10 orc priests
  A two-headed ogre zombie (D:13)
  3 giant frog skeletons
  7 hounds
  14 orc wizards
  2 centaur skeletons (D:10)
  A quasit (D:6)
  10 worker ants
  8 iguanas
  4 mummies
  A hound skeleton (D:8)
  Robin (D:2)
  5 river rats (D:11)
  20 adders
  A shadow imp (D:13)
  7 gnolls
  4 giant mites
  2 worms
  An adder zombie (D:7)
  10 giant geckos
  An ooze (D:5)
  38 orcs
  6 ball pythons
  27 bats
  A bat zombie (D:8)
  25 goblins
  12 hobgoblins
  5 jackals
  21 kobolds
  2 quokkas
  8 giant cockroaches
  17 giant newts
  A giant spore (D:12)
  A jackal zombie (D:6)
  18 rats
  5 ballistomycetes (D:12)
  2 fungi (D:11)
531 creatures vanquished.

Vanquished Creatures (collateral kills)
  A deep troll (D:13)
  A yak (D:13)
  3 wraiths (D:13)
  A yak zombie (D:13)
6 creatures vanquished.

Vanquished Creatures (others)
  2 ogres (D:13)
  A giant frog skeleton (D:6)
  A hobgoblin (D:6)
  3 jackals (D:2)
  A kobold (D:6)
  A bat (D:6)
  A giant spore (D:13)
  A rat (D:6)
  A ballistomycete (D:13)
  8 fungi (D:11)
  2 plants (D:11)
22 creatures vanquished.

Grand Total: 559 creatures vanquished

Notes
Turn   | Place    | Note
--------------------------------------------------------------
     0 | D:1      | musteatbrain, the Minotaur Berserker, began the quest for the Orb.
     0 | D:1      | Reached XP level 1. HP: 19/19 MP: 1/1
    65 | D:1      | Reached skill level 4 in Axes
    65 | D:1      | Reached XP level 2. HP: 22/27 MP: 1/1
   750 | D:2      | Found a shattered altar of Ashenzari.
   764 | D:2      | Reached XP level 3. HP: 23/33 MP: 2/2
  1031 | D:2      | Found a glowing golden altar of the Shining One.
  1032 | D:2      | Noticed an angel
  1044 | D:2      | Found a basalt altar of Yredelemnul.
  1045 | D:2      | Noticed a profane servitor
  1102 | D:2      | Noticed Robin
  1114 | D:2      | Acquired Trog's second power
  1116 | D:2      | Reached skill level 5 in Axes
  1122 | D:2      | Killed Robin
  1274 | D:2      | Reached XP level 4. HP: 41/41 MP: 2/2
  1685 | D:3      | Reached skill level 5 in Fighting
  1950 | D:3      | Reached XP level 5. HP: 44/48 MP: 2/2
  1981 | D:3      | Reached skill level 6 in Axes
  2118 | D:3      | Noticed Sigmund
  2130 | D:3      | Killed Sigmund
  2476 | D:3      | Reached skill level 7 in Axes
  2476 | D:3      | Reached XP level 6. HP: 51/56 MP: 3/3
  2567 | D:4      | Found Khattep's Gadget Emporium.
  2739 | D:4      | Found a staircase to the Ecumenical Temple.
  2824 | D:4      | Acquired Trog's third power
  2843 | D:4      | Reached skill level 8 in Axes
  2888 | D:4      | Reached XP level 7. HP: 63/63 MP: 3/3
  3078 | D:4      | Noticed BLOAX's ghost (average VSTm)
  3098 | D:4      | Killed BLOAX's ghost
  3340 | D:5      | Entered Level 5 of the Dungeon
  3340 | D:5      | Found Thodaofi's Gadget Emporium.
  3350 | D:5      | Found Vofi's Jewellery Shoppe.
  3438 | D:5      | Reached skill level 9 in Axes
  3507 | D:5      | Found a glowing drain.
  3535 | Sewer    | Entered a sewer
  3609 | Sewer    | Noticed Purgy
  3619 | Sewer    | Killed Purgy
  3920 | D:5      | Reached skill level 10 in Axes
  3920 | D:5      | Reached XP level 8. HP: 73/73 MP: 3/3
  3996 | D:5      | Found a stormy altar of Qazlal.
  4524 | D:5      | Found Lapt's Gadget Shop.
  4652 | D:5      | Received a gift from Trog
  4901 | D:6      | Reached skill level 11 in Axes
  4907 | D:6      | Noticed Duvessa
  4908 | D:6      | Noticed Dowan
  4913 | D:6      | Killed Duvessa
  4921 | D:6      | Killed Dowan
  5421 | D:6      | Noticed Pikel
  5445 | D:6      | Killed Pikel
  5445 | D:6      | Reached skill level 12 in Axes
  5445 | D:6      | Reached XP level 9. HP: 82/82 MP: 4/4
  5857 | D:6      | HP: 3/83 [poisoned by an orc wizard]
  6027 | D:6      | Reached skill level 13 in Axes
  6381 | D:6      | Found a shattered altar of Ashenzari.
  6384 | D:6      | Found a radiant altar of Vehumet.
  6384 | D:6      | Found an iron altar of Okawaru.
  6395 | D:6      | Received a gift from Trog
  6761 | D:7      | Reached skill level 10 in Fighting
  7108 | D:8      | Reached XP level 10. HP: 87/93 MP: 4/4
  7122 | D:8      | Reached skill level 14 in Axes
  7217 | D:8      | Found Nupaisot's Distillery.
  7217 | D:8      | Noticed Erolcha
  7224 | D:8      | Killed Erolcha
  7236 | D:8      | Noticed Eustachio
  7248 | D:8      | Killed Eustachio
  7359 | D:8      | Found an iron altar of Okawaru.
  8655 | D:10     | Entered Level 10 of the Dungeon
  8737 | D:10     | Noticed a hill giant
  8751 | D:10     | Killed a hill giant
  8751 | D:10     | Reached skill level 5 in Armour
  8791 | D:10     | Reached skill level 5 in Dodging
  8814 | D:10     | Reached skill level 15 in Axes
  9060 | D:10     | Reached XP level 11. HP: 100/102 MP: 4/4
  9203 | D:10     | Noticed Grum
  9211 | D:10     | Killed Grum
  9222 | D:10     | Noticed a brown ugly thing
  9232 | D:10     | Killed a brown ugly thing
  9367 | D:10     | Noticed Fannar
  9391 | D:10     | Killed Fannar
  9815 | D:10     | Got a twisted buckler
  9816 | D:10     | Identified the cursed -5 buckler of Narcissism {-Tele +Inv rC+ Str+4} (You found it on level 10 of the Dungeon)
  9878 | D:11     | Noticed Urug
  9904 | D:11     | Killed Urug
 10081 | D:11     | Found an opulent altar of Gozag.
 10256 | D:11     | Found an ancient bone altar of Kikubaaqudgha.
 10419 | D:11     | Received a gift from Trog
 10566 | D:11     | Found a staircase to the Lair.
 11072 | D:11     | Killed an unseen horror
 11072 | D:11     | Reached skill level 16 in Axes
 11755 | D:12     | Noticed Sonja
 11770 | D:12     | Killed Sonja
 12288 | D:12     | Noticed Psyche
 12296 | D:12     | Killed Psyche
 12482 | D:12     | Found a staircase to the Orcish Mines.
 12623 | D:12     | Received a gift from Trog
 12637 | D:12     | Gained mutation: You are weak. (Str -2) [mutagenic meat]
 12640 | D:12     | Lost mutation: You are weak. (Str -2) [potion of cure mutation]
 12865 | D:12     | Found Opsaimam's General Store.
 12925 | D:12     | Noticed Gastronok
 12936 | D:12     | Killed Gastronok
 12936 | D:12     | Reached XP level 12. HP: 113/113 MP: 1/5
 13013 | D:12     | Noticed Nergalle
 13027 | D:12     | Killed Nergalle
 13145 | D:12     | Noticed a hill giant
 13158 | D:12     | Killed a hill giant
 13730 | D:13     | Reached skill level 17 in Axes
 13967 | D:13     | Gained mutation: Your system is resistant to poisons. [mutagenic meat]
 13972 | D:13     | Noticed Josephine
 13988 | D:13     | Noticed a vault guard
 14001 | D:13     | Killed a vault guard
 14002 | D:13     | Killed Josephine
 14133 | D:13     | Found a gate to the Vaults.
 14267 | D:13     | Reached XP level 13. HP: 70/122 MP: 1/5
 14611 | D:13     | Got a jewelled flail
 14612 | D:13     | Identified the cursed +3 flail of a volcano {pain, +Fly rElec rF- rC- Int+6} (You found it on level 13 of the Dungeon)
 14645 | D:13     | Noticed an eight-headed hydra
 14686 | D:13     | Killed an eight-headed hydra
 16017 | D:13     | Reached skill level 10 in Armour
 16036 | D:13     | Reached skill level 18 in Axes
 16187 | D:13     | Gained mutation: You evolve. [mutagenic meat]
 16188 | D:13     | Gained mutation: Your spells are a little easier to cast, but a little less powerful. [mutagenic meat]
 16368 | D:13     | Gained mutation: You are agile. (Dex +2) [evolution]
 16651 | D:14     | Paralysed by a wizard for 7 turns
 17185 | D:14     | Reached skill level 10 in Dodging
 17210 | D:14     | Found a sparkling altar of Nemelex Xobeh.
 17239 | D:14     | Gained mutation: Your body is slowly deteriorating. [mutagenic meat]
 17765 | D:14     | Paralysed by a wizard for 7 turns
 18123 | D:15     | Entered Level 15 of the Dungeon
 18126 | D:15     | Got a scintillating turquoise ring
 18150 | D:15     | Reached skill level 19 in Axes
 18153 | D:15     | Reached XP level 14. HP: 83/132 MP: 0/5
 18162 | D:15     | Lost mutation: Your spells are a little easier to cast, but a little less powerful. [mutagenic meat]
 18163 | D:15     | Gained mutation: You occasionally shout uncontrollably at your foes. [mutagenic meat]
 18207 | D:15     | Gained mutation: You are frail (-10% HP). [evolution]
 18263 | D:15     | Identified the ring "Brulom" {Slay+2 Stlth+} (You found it on level 15 of the Dungeon)
 18340 | D:15     | Found a staircase to the Depths.
 18340 | D:15     | Noticed a dire elephant
 18341 | D:15     | Drowned

Action                   |  1- 3 |  4- 6 |  7- 9 | 10-12 | 13-15 || total
-------------------------+-------+-------+-------+-------+-------++-------
Melee: Hand axe          |    77 |   146 |    29 |       |       ||   252
       War axe           |       |       |   352 |   509 |       ||   861
       Battleaxe         |       |       |       |   187 |   207 ||   394
       Unarmed           |       |       |       |       |   113 ||   113
Throw: Tomahawk          |       |       |       |     2 |       ||     2
Invok: Berserk           |     1 |       |     2 |     7 |     2 ||    12
       Trog's Hand       |       |       |     3 |     8 |     2 ||    13
       Burn Spellbooks   |       |       |     3 |     3 |     3 ||     9
       Brothers in Arms  |       |       |       |     2 |     4 ||     6
Evoke: Wand              |       |       |       |       |     3 ||     3
  Use: Scroll            |       |     3 |    15 |    15 |    11 ||    44
       Potion            |       |       |     5 |     6 |     6 ||    17
  Eat: Chunk             |     1 |     1 |     5 |     6 |     9 ||    22
       Bread ration      |     1 |       |     2 |     1 |     3 ||     7
       Meat ration       |       |       |     1 |     4 |       ||     5
       Beef jerky        |       |       |     1 |       |       ||     1
       Pizza             |       |       |       |     2 |     2 ||     4
